 Dungeon Crawl Stone Soup version 0.26.1-11-gd32895ea62 (webtiles) character file.

Game seed: 6764290714669652629

218 Almogavar the Conjurer (level 5, -12/41 HPs)
             Began as a Gnoll Wanderer on May 6, 2021.
             Mangled by a wyvern (17 damage)
             ... on level 4 of the Dungeon.
             The game lasted 00:11:29 (3905 turns).

Almogavar the Conjurer (Gnoll Wanderer)             Turns: 3905, Time: 00:11:29

Health: -12/41     AC:  7    Str: 16    XL:     5   Next: 95%
Magic:  4/9        EV: 12    Int: 11    God:
Gold:   185        SH:  0    Dex: 17    Spells: 7/10 levels left

rFire    . . .     SeeInvis .   a - +0 spear
rCold    + . .     Faith    .   (no shield)
rNeg     . . .     Spirit   .   x - +2 leather armour {rC+}
rPois    .         Reflect  .   (no helmet)
rElec    .         Harm     .   (no cloak)
rCorr    .         Rampage  .   w - +0 pair of gloves
Will     .....                  u - +0 pair of boots
Stlth    ++........             (no amulet)
HPRegen  0.13/turn              (no ring)
MPRegen  0.11/turn              (no ring)

@: hasted, very quick
A: distributed training, fangs 1, strong nose
a: no special abilities


You were on level 4 of the Dungeon.
You visited 1 branch of the dungeon, and saw 4 of its levels.

You collected 185 gold pieces.

Inventory:

Hand Weapons
 a - a +0 spear (weapon)
 c - a +0 quarterstaff
Missiles
 k - 38 sling bullets
 o - 90 stones
Armour
 p - a +0 ring mail
 u - a +0 pair of boots (worn)
 w - a +0 pair of gloves (worn)
 x - a +2 leather armour of cold resistance (worn)
Scrolls
 e - a scroll of enchant weapon {unknown}
 f - a scroll of amnesia {unknown}
 g - a scroll of blinking {unknown}
 h - a scroll of teleportation
 l - a scroll of enchant armour {unknown}
 m - 2 scrolls of remove curse
 n - a scroll of fog {unknown}
 q - a scroll of magic mapping {unknown}
 r - a scroll of random uselessness {unknown}
 v - a scroll of identify {unknown}
Potions
 b - a potion of haste
 i - a potion of mutation {unknown}
 j - a potion of might {unknown}
 t - a potion of magic {unknown}


   Skills:
 + Level 3.1 Fighting
 + Level 1.7 Short Blades
 + Level 1.7 Long Blades
 + Level 1.7 Axes
 + Level 1.7 Maces & Flails
 + Level 1.7 Polearms
 + Level 3.1 Staves
 + Level 1.7 Slings
 + Level 1.7 Bows
 + Level 1.7 Crossbows
 + Level 1.7 Throwing
 + Level 1.7 Armour
 + Level 1.7 Dodging
 + Level 2.9 Stealth
 + Level 4.9 Shields
 + Level 1.7 Unarmed Combat
 + Level 3.3 Spellcasting
 + Level 5.6 Conjurations
 + Level 2.5 Hexes
 + Level 1.3 Summonings
 + Level 1.3 Necromancy
 + Level 1.3 Translocations
 + Level 1.3 Transmutations
 + Level 1.3 Fire Magic
 + Level 1.3 Ice Magic
 + Level 1.3 Air Magic
 + Level 1.3 Earth Magic
 + Level 1.3 Poison Magic
 + Level 1.9 Invocations
 + Level 1.7 Evocations


You had 7 spell levels left.
You knew the following spells:

 Your Spells              Type           Power        Failure   Level
a - Magic Dart            Conj           56%          3%          1
b - Searing Ray           Conj           28%          4%          2

Your spell library contained the following spells:

 Spells                   Type           Power        Failure   Level
 Slow                     Hex            7%           17%         2
 Dazzling Flash           Conj/Hex       20%          19%         3
 Conjure Flame            Conj/Fire      9%           22%         3
 Blink                    Tloc           N/A          26%         2
 Call Imp                 Summ           4%           26%         2
 Mephitic Cloud           Conj/Pois/Air  7%           30%         3
 Fulminant Prism          Conj/Hex       5%           52%         4
 Iskenderun's Mystic Bla  Conj/Tloc      9%           58%         4


Dungeon Overview and Level Annotations

Branches:
Dungeon (4/15)
 Temple: D:4-7

Altars:
Nemelex Xobeh
Okawaru
Trog


Innate Abilities, Weirdness & Mutations

Your experience applies equally to all skills.
You have very sharp teeth.
Your uncanny sense of smell can sniff out nearby items.


Message History

The searing ray hits the wyvern!
The wyvern is heavily wounded. (Press . to maintain the ray.)
The searing ray hits the wyvern.
The wyvern is severely wounded.
The searing ray hits the wyvern!
The wyvern is almost dead.
The wyvern misses you. The wyvern bites you!
You hit the wyvern but do no damage.
The wyvern is almost dead.
The wyvern bites you!
You barely miss the wyvern. You bite the wyvern, but do no damage.
The wyvern is almost dead.
The wyvern closely misses you. The wyvern misses you.
You barely miss the wyvern.
The wyvern is almost dead.
The wyvern bites you. The wyvern bites you!
* * * LOW HITPOINT WARNING * * *
It was a potion of haste.
You feel yourself speed up. The wyvern bites you!
You die...

######### #.......# #
#@# #.##.
####l##########...^.#
∆ #............<..#
#.##.############ #
#.# ..# #### ∆


You could see a wyvern.

Vanquished Creatures
  Natasha (thrice) (D:3)
  5 adders
  3 oozes
  2 dart slugs
  5 leopard geckos
  5 orcs (D:3)
  2 giant cockroaches
  9 goblins
  12 hobgoblins
  5 jackals (D:1)
  5 quokkas
  3 bats
  2 frilled lizards (D:1)
  2 kobolds (D:1)
  8 rats
71 creatures vanquished.

Notes
Turn   | Place    | Note
-------+----------+-------------------------------------------
     0 | D:1      | Almogavar the Gnoll Wanderer began the quest for the Orb.
     0 | D:1      | Almogavar set off with the following items: a +0 spear, a
                  | +0 quarterstaff, a +0 robe; and the following spell
                  | memorised: Magic Dart; and the following spells available
                  | to memorise: Searing Ray, Dazzling Flash, Fulminant Prism,
                  | Iskenderun's Mystic Blast
     0 | D:1      | Reached XP level 1. HP: 17/17 MP: 4/4
   235 | D:1      | Reached XP level 2. HP: 17/23 MP: 5/5
   402 | D:1      | Learned a level 2 spell: Searing Ray
   629 | D:1      | You fall into a shaft and drop 1 floor!
   668 | D:2      | Reached XP level 3. HP: 18/28 MP: 4/7
  1045 | D:2      | Reached skill level 1 in Invocations
  1595 | D:1      | Reached skill level 1 in Short Blades
  1595 | D:1      | Reached skill level 1 in Long Blades
  1595 | D:1      | Reached skill level 1 in Axes
  1595 | D:1      | Reached skill level 1 in Maces & Flails
  1595 | D:1      | Reached skill level 1 in Polearms
  1595 | D:1      | Reached skill level 1 in Slings
  1595 | D:1      | Reached skill level 1 in Bows
  1595 | D:1      | Reached skill level 1 in Crossbows
  1595 | D:1      | Reached skill level 1 in Throwing
  1595 | D:1      | Reached skill level 1 in Armour
  1595 | D:1      | Reached skill level 1 in Dodging
  1595 | D:1      | Reached skill level 1 in Unarmed Combat
  1595 | D:1      | Reached skill level 1 in Evocations
  1885 | D:2      | Reached XP level 4. HP: 28/34 MP: 5/8
  2540 | D:3      | Reached skill level 1 in Summonings
  2540 | D:3      | Reached skill level 1 in Necromancy
  2540 | D:3      | Reached skill level 1 in Translocations
  2540 | D:3      | Reached skill level 1 in Transmutations
  2540 | D:3      | Reached skill level 1 in Fire Magic
  2540 | D:3      | Reached skill level 1 in Ice Magic
  2540 | D:3      | Reached skill level 1 in Air Magic
  2540 | D:3      | Reached skill level 1 in Earth Magic
  2540 | D:3      | Reached skill level 1 in Poison Magic
  2727 | D:3      | Found a sparkling altar of Nemelex Xobeh.
  2817 | D:3      | Noticed Natasha
  2819 | D:3      | Killed Natasha
  2820 | D:3      | Reached XP level 5. HP: 40/40 MP: 5/9
  2948 | D:3      | Found a bloodstained altar of Trog.
  2949 | D:3      | Noticed Natasha
  2954 | D:3      | Killed Natasha
  3006 | D:3      | Found an iron altar of Okawaru.
  3559 | D:3      | Noticed Natasha
  3563 | D:3      | Killed Natasha
  3897 | D:4      | Noticed a wyvern
  3905 | D:4      | Mangled by a wyvern

Illustrated notes

Levels and vault maps discovered:
D:1:      enne_arrival_octagon_isle, layout_loops_cross
D:2:      layout_basic, st_stairs_8
D:3:      cheibrodos_greedy_goblins, layout_loops_ring,
          nemelex_xobeh_ov_fountains_minmay, grunt_temple_overflow_open,
          uniq_natasha
D:4:      layout_loops_cross, old_standard_altar, kennysheep_diamond,
          uniq_edmund, uniq_crazy_yiuf_cottage

Skill      XL: |  1  2  3  4  5 |
---------------+----------------+-----
Hexes          | 2 |  2.5
Invocations    | 1 |  1.9
Short Blades   | 1 |  1.7
Long Blades    | 1 |  1.7
Axes           | 1 |  1.7
Maces & Flails | 1 |  1.7
Polearms       | 1 |  1.7
Slings         | 1 |  1.7
Bows           | 1 |  1.7
Crossbows      | 1 |  1.7
Throwing       | 1 |  1.7
Armour         | 1 |  1.7
Dodging        | 1 |  1.7
Unarmed Combat | 1 |  1.7
Evocations     | 1 |  1.7
Spellcasting   | 3 |  3.3
Summonings     | 1 |  1.3
Necromancy     | 1 |  1.3
Translocations | 1 |  1.3
Transmutations | 1 |  1.3
Fire Magic     | 1 |  1.3
Ice Magic      | 1 |  1.3
Air Magic      | 1 |  1.3
Earth Magic    | 1 |  1.3
Poison Magic   | 1 |  1.3
Fighting       | 3 |  3.1
Staves         | 3 |  3.1
Stealth        | |  2.9
Shields        | |  4.9
Conjurations   | |  5.6

Action                   |  1- 3 |  4- 6 || total
-------------------------+-------+-------++-------
Melee: Spear             |   104 |    53 ||   157
       Bite              |    12 |     6 ||    18
 Cast: Magic Dart        |    22 |    62 ||    84
       Searing Ray       |     1 |    10 ||    11
  Use: Scroll            |     1 |     1 ||     2
       Potion            |       |     1 ||     1
 Stab: Sleeping          |     2 |     2 ||     4
Armor: Robe              |    11 |     4 ||    15
Dodge: Dodged            |    77 |    27 ||   104
